 Dungeon Sprint DCSS version 0.29.1-2-gbd0b4ee654 (webtiles) character file.

Game seed: 9671404428478243673

7287 boopmooplesden the Minotaur Blade (level 10, -1/100 (112) HPs)
             Began as a Minotaur Berserker on Nov 28, 2022.
             Was the Champion of Trog.
             Slain by a fire crab (8 damage)
             ... in the Dungeon (Sprint VII: "The Pits").
             The game lasted 00:03:40 (1734 turns).

boopmooplesden the Minotaur Blade (MiBe)            Turns: 1734, Time: 00:03:40

HP:   -1/100 (112)  AC: 24    Str: 24    XL:     10   Next: 89%
MP:   9/9           EV: 10    Int:  4    God:    Trog [******]
Gold: 0             SH:  0    Dex: 12    Spells: 9/9 levels left

rFire   . . .      SeeInvis .   v - +8 great sword (vorpal)
rCold   . . .      Faith    .   (shield currently unavailable)
rNeg    . . .      Spirit   .   t - +3 plate armour
rPois   .          Reflect  .   (helmet restricted)
rElec   .          Harm     .   (no cloak)
rCorr   .          Rampage  .   (no gloves)
Will    .....      NoTele   +   (no boots)
Stlth   ..........              (no amulet)
HPRegen 0.26/turn               o - +3 ring of protection
MPRegen 0.11/turn               p - +3 ring of protection

@: lethally poisoned (-1 -> -6), on berserk cooldown, slowed, heavily drained,
very slow
A: horns 2, retaliatory headbutt
a: Renounce Religion, Berserk, Trog's Hand, Brothers in Arms


You were in the Dungeon.
You worshipped Trog.
Trog was exalted by your worship.
You visited 1 branch

Inventory:

Hand Weapons
 a - a +0 falchion
 i - a +2 falchion
 l - a +2 long sword of holy wrath
 n - a +3 vorpal great sword
 s - a +2 scimitar of holy wrath
 u - a +5 antimagic demon blade
 v - a +8 vorpal great sword (weapon)
 w - a +5 great sword of flaming
Armour
 b - a +0 animal skin
 m - a +3 ring mail
 t - a +3 plate armour (worn)
Jewellery
 o - a +3 ring of protection (left hand)
 p - a +3 ring of protection (right hand)
Scrolls
 h - a scroll of blinking
 k - a scroll of summoning
Potions
 c - 5 potions of curing
 d - 7 potions of heal wounds
 e - a potion of haste
 f - 4 potions of magic
 g - 4 potions of berserk rage
 j - 2 potions of invisibility
 q - 2 potions of mutation
 r - a potion of resistance


   Skills:
 + Level 17.7 Fighting
 + Level 21.7 Long Blades
 + Level 11.5 Armour
 + Level 8.4 Dodging
 + Level 0.3 Stealth


You had 9 spell levels left.
You didn't know any spells.
Your spell library was empty.

Dungeon Overview and Level Annotations

Branches:
Dungeon (1/1)

Altars:
Ashenzari
Cheibriados
Dithmenos
Elyvilon
Fedhas
Gozag
Hepliaklqana
Kikubaaqudgha
Makhleb
Nemelex Xobeh
Okawaru
Qazlal
Ru
Sif Muna
Trog
Uskayaw
Vehumet
Wu Jian
Xom
Yredelemnul
Zin
The Shining One
Jiyva
Lugonu


Innate Abilities, Weirdness & Mutations

You have a pair of horns on your head.
You reflexively headbutt those who attack you in melee.


Message History

You feel drained.
The blink frog hits you but does no damage.
Sonja barely misses you. Sonja hits you but does no damage.
You feel drained. Sonja hits you but does no damage.
You feel drained.
The blink frog hits you but does no damage.
You barely miss Sonja. You headbutt Sonja!
Sonja is moderately wounded.
You feel very sick.
The blink frog blinks!
Something hits you but does no damage. Sonja barely misses you.
You furiously retaliate!
You headbutt Sonja!
Sonja hits you with a +1 dagger of draining.
You feel drained. Sonja hits you but does no damage.
You feel drained. The blink frog hits you!
* * * LOW HITPOINT WARNING * * *
Something hits you but does no damage.
You miss Sonja.
Sonja is severely wounded.
You feel sick. Sonja closely misses you. Sonja hits you but does no damage.
You feel drained. Sonja hits you but does no damage.
You feel drained. The blink frog hits you.
* * * LOW HITPOINT WARNING * * *
Sonja hits you with a +1 dagger of draining.
* * * LOW HITPOINT WARNING * * *
You feel drained.
* * * LOW HITPOINT WARNING * * *
Sonja closely misses you. Sonja hits you but does no damage.
You feel drained. The blink frog hits you.
* * * LOW HITPOINT WARNING * * *
Something hits you but does no damage.
The fire crab bites you but does no damage.
The fire crab closely misses you.
You slice Sonja!!
You kill Sonja!
Trog accepts your kill.
Trog appreciates your killing of a magic user.
You feel sick.
The blink frog blinks!
The blink frog closely misses you. The fire crab bites you.
* * * LOW HITPOINT WARNING * * *
You are engulfed in flames!
You die...

))######
))############ ######
......'..'†..### .....
......'..'†....## ....
.....##..##.....##
...#
...###....###....#
...#
..##........###.###..#
''#)..#..#...#..).#..#
..)÷)....F..§'..@.)).+
'÷#)..#..#...#.F.t#..#
..##........###.###..#
...###....###....#
F..#
.....##..##÷....##
K..# #.....'..')....##
.... ###...'..'...###
..... ############
######


You could see a fire crab and 2 blink frogs.

Vanquished Creatures
  A boulder beetle (D)
  Sonja (D)
  A flayed ghost (D)
  A deep troll (D)
  A deep elf zephyrmancer (D)
  A cyclops (D)
  A smoke demon (D)
  2 orange demons (D)
  A gargoyle (D)
  A cane toad (D)
  An unseen horror (D)
  A komodo dragon (D)
  A yaktaur (D)
  A hellwing (D)
  A wind drake (D)
  2 blink frogs (D)
  A wraith (D)
  A warg (D)
  A water moccasin (D)
  An orc warrior (D)
  A swamp drake (D)
  3 sky beasts (D)
  6 wolves (D)
  A centaur (D)
  A phantom (D)
  A gnoll sergeant (D)
  A jelly (D)
  An orc priest (D)
  A gnoll bouda (D)
  An iron imp (D)
  Terence (D)
  3 adders (D)
  9 gnolls (D)
  An ufetubus (D)
  A giant cockroach (D)
  A hobgoblin (D)
  2 jackals (D)
  A quokka (D)
  A ball python skeleton (D)
  A frilled lizard (D)
  A kobold (D)
  A rat (D)
62 creatures vanquished.

Notes
Turn   | Place    | Note
-------+----------+-------------------------------------------
     0 | D        | boopmooplesden the Minotaur Berserker began the quest for
                  | the Orb.
     0 | D        | Reached XP level 1. HP: 19/19 MP: 0/0
    12 | D        | Reached skill level 4 in Long Blades
    39 | D        | Found a bloodstained altar of Trog.
    39 | D        | Found a shimmering blue altar of Sif Muna.
    39 | D        | Found a viscous altar of Jiyva.
    39 | D        | Found a hazy altar of Hepliaklqana.
    39 | D        | Found an opulent altar of Gozag.
    40 | D        | Found a glowing golden altar of the Shining One.
    40 | D        | Found a glowing silver altar of Zin.
    40 | D        | Found a basalt altar of Yredelemnul.
    40 | D        | Found a shimmering altar of Xom.
    40 | D        | Found an ornate altar of the Wu Jian Council.
    40 | D        | Found a sacrificial altar of Ru.
    40 | D        | Found a stormy altar of Qazlal.
    40 | D        | Found an iron altar of Okawaru.
    40 | D        | Found a sparkling altar of Nemelex Xobeh.
    40 | D        | Found a burning altar of Makhleb.
    40 | D        | Found a blossoming altar of Fedhas.
    40 | D        | Found a white marble altar of Elyvilon.
    40 | D        | Found a shadowy altar of Dithmenos.
    40 | D        | Found a snail-covered altar of Cheibriados.
    42 | D        | Found a radiant altar of Vehumet.
    42 | D        | Found a corrupted altar of Lugonu.
    43 | D        | Found a hide-covered altar of Uskayaw.
    43 | D        | Found an ancient bone altar of Kikubaaqudgha.
    43 | D        | Found a broken altar of Ashenzari.
    66 | D        | Reached ** piety under Trog
   195 | D        | Reached skill level 5 in Fighting
   195 | D        | Reached skill level 5 in Long Blades
   195 | D        | Reached XP level 2. HP: 28/29 MP: 1/1
   473 | D        | Noticed Terence
   479 | D        | Reached *** piety under Trog
   480 | D        | Reached XP level 3. HP: 37/37 MP: 2/2
   483 | D        | Killed Terence
   484 | D        | Reached skill level 6 in Long Blades
   555 | D        | Noticed a warg
   555 | D        | Noticed a sky beast
   556 | D        | Noticed a phantom
   565 | D        | Killed a warg
   566 | D        | Reached skill level 9 in Long Blades
   566 | D        | Reached XP level 4. HP: 42/49 MP: 3/3
   566 | D        | Reached XP level 5. HP: 48/56 MP: 4/4
   566 | D        | Reached **** piety under Trog
   573 | D        | Reached skill level 5 in Armour
   574 | D        | Killed a phantom
   575 | D        | Reached skill level 10 in Long Blades
   575 | D        | Reached XP level 6. HP: 56/66 MP: 5/5
   577 | D        | Killed a sky beast
   578 | D        | Reached skill level 10 in Fighting
   578 | D        | Reached skill level 11 in Long Blades
   578 | D        | Reached skill level 5 in Dodging
   579 | D        | Reached ***** piety under Trog
   626 | D        | Noticed a swamp drake
   629 | D        | Killed a swamp drake
   815 | D        | Noticed an orc warrior
   819 | D        | Killed an orc warrior
   820 | D        | Reached skill level 12 in Long Blades
   820 | D        | Reached XP level 7. HP: 74/74 MP: 6/6
   823 | D        | Received a gift from Trog
   827 | D        | Reached skill level 13 in Long Blades
  1051 | D        | Noticed an orange demon
  1055 | D        | Killed an orange demon
  1056 | D        | Reached skill level 14 in Long Blades
  1056 | D        | Reached XP level 8. HP: 85/85 MP: 7/7
  1167 | D        | Noticed a deep elf zephyrmancer
  1170 | D        | Killed a deep elf zephyrmancer
  1171 | D        | Reached skill level 15 in Long Blades
  1176 | D        | Received a gift from Trog
  1224 | D        | Noticed a hellwing
  1226 | D        | Noticed a boulder beetle
  1237 | D        | Killed a hellwing
  1238 | D        | Reached skill level 16 in Long Blades
  1241 | D        | Reached XP level 9. HP: 96/96 MP: 8/8
  1244 | D        | Received a gift from Trog
  1248 | D        | Killed a boulder beetle
  1249 | D        | Reached skill level 15 in Fighting
  1249 | D        | Reached skill level 17 in Long Blades
  1251 | D        | Reached ****** piety under Trog
  1256 | D        | Killed an unseen horror
  1257 | D        | Reached skill level 18 in Long Blades
  1332 | D        | Noticed a wind drake
  1335 | D        | Noticed a gargoyle
  1342 | D        | Killed a wind drake
  1346 | D        | Killed a gargoyle
  1346 | D        | Received a gift from Trog
  1347 | D        | Reached skill level 10 in Armour
  1352 | D        | Reached skill level 19 in Long Blades
  1352 | D        | Reached XP level 10. HP: 107/107 MP: 9/9
  1432 | D        | Noticed an orange demon
  1432 | D        | Noticed a cyclops
  1436 | D        | Killed a cyclops
  1438 | D        | Noticed a smoke demon
  1444 | D        | Killed an orange demon
  1444 | D        | Noticed a deep troll
  1448 | D        | Reached skill level 20 in Long Blades
  1448 | D        | Received a gift from Trog
  1451 | D        | Killed a smoke demon
  1457 | D        | Killed a deep troll
  1682 | D        | Noticed a cane toad
  1692 | D        | Killed a cane toad
  1693 | D        | Reached skill level 21 in Long Blades
  1709 | D        | Noticed a flayed ghost
  1713 | D        | Noticed a fire crab
  1713 | D        | Noticed Sonja
  1716 | D        | Killed a flayed ghost
  1723 | D        | Received a gift from Trog
  1734 | D        | Killed Sonja
  1734 | D        | Slain by a fire crab

Illustrated notes

Levels and vault maps discovered:
D:        pitsprint [storerooms_1, entrance_room_1, metal_vault_4, armoury_1,
          mini_pit_1, grid_room_1, main_hall_1, silver_pit, the_coven_3,
          the_vestibule_1, steel_vault_1, golden_pit, hallway_of_sentries,
          crystal_vault_6, iron_vault_4, final_vault]

Skill      XL: |  1  2  3  4  5  6  7  8  9 10 |
---------------+-------------------------------+-----
Fighting       | 5 8 9 11 12 14 16 17 | 17.7
Long Blades    | 5 9 10 12 14 16 19 21 | 21.7
Armour         | 3 4 5 6 7 8 10 11 | 11.5
Dodging        | 4 5 6 7 8 |  8.4
Stealth        | |  0.3

Action                   |  1- 3 |  4- 6 |  7- 9 | 10-12 || total
-------------------------+-------+-------+-------+-------++-------
Melee: Falchion          |    26 |       |       |       ||    26
       Long sword        |     4 |    19 |     5 |       ||    28
       Headbutt          |     1 |     3 |    10 |    11 ||    25
       Great sword       |       |       |    55 |    43 ||    98
Invok: Berserk           |     3 |     1 |     4 |     2 ||    10
  Use: Potion            |       |       |       |     4 ||     4
Armor: Animal skin       |     4 |       |       |       ||     4
       Ring mail         |     4 |     8 |     2 |       ||    14
       Plate armour      |       |       |    46 |    48 ||    94
Dodge: Dodged            |    22 |     8 |    29 |    25 ||    84
